 Dungeon Crawl Stone Soup version 0.31-a0-986-g5e6e4ef867 (webtiles) character file.

Game seed: 37945389807320249

379 wildpjah the Slasher (level 6, -2/37 HPs)
             Began as a Tengu Warper on Nov 18, 2023.
             Slain by an ogre
             ... wielding a +0 giant spiked club
              (22 damage)
             ... on level 5 of the Dungeon.
             The game lasted 00:06:28 (2300 turns).

wildpjah the Slasher (Tengu Warper)                 Turns: 2300, Time: 00:06:29

Health: -2/37      AC:  3    Str: 12    XL:     6   Next: 74%
Magic:  0/10       EV: 12    Int: 13    God:
Gold:   105        SH:  0    Dex: 15    Spells: 9/9 levels left

rFire   . . .        a - +0 falchion
rCold   . . .        (no shield)
rNeg    . . .        b - +0 leather armour
rPois   .            (helmet restricted)
rElec   +            (no cloak)
rCorr   .            (no gloves)
SInv    .            (boots unavailable)
Will    .....        k - amulet of Boew {Spirit rElec}
Stlth   +            (no ring)
HPRegen 0.26/turn    (no ring)
MPRegen 0.12/turn

%: acrobat, guardian spirit
@: about to teleport
A: beak, talons 3, acrobatic, MP-powered wands
a: no special abilities


You were on level 5 of the Dungeon.
You visited 1 branch of the dungeon, and saw 5 of its levels.

You collected 105 gold pieces.

Inventory:

Hand Weapons
 a - a +0 falchion (weapon)
Missiles
 d - 3 darts of dispersal (quivered)
Armour
 b - a +0 leather armour (worn)
Jewellery
 k - the amulet of Boew (around neck) {Spirit rElec}
   (You found it on level 2 of the Dungeon)

   [amulet of guardian spirit]

   Spirit:    It causes incoming damage to be divided between your reserves of
   health and magic.
   rElec:     It insulates you from electricity.
Wands
 h - a wand of paralysis (8)
Scrolls
 c - 3 scrolls of blinking
 e - 3 scrolls of identify
 g - 3 scrolls of revelation
Potions
 f - a potion of mutation


   Skills:
 * Level 3.3 Fighting
 + Level 4.9 Long Blades
 + Level 1.8 Throwing
 + Level 2.5 Armour
 * Level 3.4 Dodging
 + Level 0.8 Stealth
 + Level 2.0 Spellcasting
 + Level 2.9 Translocations


You had 9 spell levels left.
You didn't know any spells.
Your spell library contained the following spells:

 Spells                   Type           Power      Damage    Failure   Level
 Blink                    Tloc           16%        N/A       14%         2
 Lesser Beckoning         Tloc           16%        N/A       14%         2
 Teleport Other           Tloc           8%         N/A       28%         3
 Manifold Assault         Tloc           8%         N/A       67%         4
 Vhi's Electric Charge    Tloc/Air       10%        N/A       87%         4


Dungeon Overview and Level Annotations

Branches:
Dungeon (6/15)
 Temple: D:4-7

Altars:

Shops:
D:2 (

Annotations:
D:3 Grinder


Innate Abilities, Weirdness & Mutations

You have a beak for a mouth.
You have claws for feet.
You can magically evade attacks while moving or waiting.
You expend magic power (3 MP) to strengthen your wands.


Message History

The sleepcap releases spores at you but does no damage.
The sleepcap releases spores at you.
You wake up.
* * * LOW HITPOINT WARNING * * *
Okay, then.
As you read the scroll of fear, it crumbles to dust.
You assume a fearsome visage.
The ogre looks frightened!
The sleepcap is unaffected.
The sleepcap closely misses you.
You hit the sleepcap.
The sleepcap is moderately damaged.
The sleepcap closely misses you.
You slash the sleepcap! You claw the sleepcap.
You peck the sleepcap, but do no damage.
The sleepcap is severely damaged.
The sleepcap misses you.
You hit the sleepcap. You claw the sleepcap.
The sleepcap is almost destroyed.
The sleepcap misses you.
You hit the sleepcap. You claw the sleepcap.
The sleepcap is almost destroyed.
The ogre cowers, then darts away.
The sleepcap releases spores at you.
* * * LOW HITPOINT WARNING * * *
You hit the sleepcap but do no damage. You claw the sleepcap.
You destroy the sleepcap!
Unknown command.
You start resting.
An ogre is nearby!
Found a scroll of blinking.
You see here a scroll of blinking.
c - 3 scrolls of blinking (gained 1)
An adder comes into view.
As you read the scroll of teleportation, it crumbles to dust.
You feel strangely unstable. The adder closely misses you.
The adder misses you.
You barely miss the adder. Your kick misses the adder. You peck the adder.
The adder is lightly wounded.
The adder closely misses you.
The ogre hits you with a +0 giant spiked club!!
Ouch! That really hurt!
You die...

....## ##...##
#.#.## #.# ....#
#+## #.#..###.#
....# #......O.#
.#... ####O##### #
#.# ##. #########.#
#... #.........#
###...###.#########
......S@O.#
###########


You could see an ogre and an adder.

Vanquished Creatures
  Prince Ribbit (D:5)
  An ice beast (D:3)
  A sleepcap (D:5)
  3 adders
  4 worms
  4 orcs (D:3)
  6 bats
  5 endoplasms
  4 giant cockroaches
  9 goblins
  2 hobgoblins (D:2)
  A quokka (D:2)
  3 ball pythons
  3 frilled lizards
  5 kobolds
  3 rats (D:1)
55 creatures vanquished.

Notes
Turn   | Place    | Note
-------+----------+-------------------------------------------
     0 | D:1      | wildpjah the Tengu Warper began the quest for the Orb.
     0 | D:1      | Reached XP level 1. HP: 12/12 MP: 4/4
   222 | D:1      | Reached XP level 2. HP: 12/17 MP: 6/6
   637 | D:1      | Reached XP level 3. HP: 21/21 MP: 7/7
   881 | D:2      | Identified the amulet of Boew {Spirit rElec}
   924 | D:2      | Reached skill level 3 in Long Blades
  1065 | D:2      | Reached XP level 4. HP: 25/27 MP: 6/8
  1275 | D:2      | Found Juceof's Weapon Shoppe.
  1381 | D:3      | Noticed an ice beast
  1462 | D:2      | Gained mutation: You expend magic power (3 MP) to
                  | strengthen your wands. [potion of mutation]
  1475 | D:3      | Killed an ice beast
  1476 | D:3      | Reached skill level 4 in Long Blades
  1476 | D:3      | Reached XP level 5. HP: 19/31 MP: 5/9
  1856 | D:3      | Noticed Grinder
  1896 | D:3      | Paralysed by Grinder for 5 turns
  2101 | D:3      | You fall into a shaft and drop 3 floors!
  2126 | D:5      | Entered Level 5 of the Dungeon
  2179 | D:5      | Noticed Prince Ribbit
  2183 | D:5      | Killed Prince Ribbit
  2184 | D:5      | Reached XP level 6. HP: 37/37 MP: 6/10
  2300 | D:5      | Slain by an ogre

Illustrated notes

Levels and vault maps discovered:
D:1:      lightli_arrival_boilingwater, layout_loops_ring
D:2:      layout_basic, serial_shops, nicolae_shop_advertising_works
          [nicolae_subvault_shop_adworks], minmay_tetromino_t4
D:3:      layout_loops_ring, uniq_crazy_yiuf_cottage, uniq_grinder
D:5:      layout_loops_corners, minitemple, uniq_prince_ribbit1
D:6:      cheibrodos_fzero, layout_layer_cave, grunt_dithmenos_smoke

Skill      XL: |  1  2  3  4  5 |
---------------+----------------+-----
Long Blades    | 3 4 |  4.9
Armour         | 2 |  2.5
Dodging        | 3 |  3.4
Fighting       | 3 |  3.3
Throwing       | |  1.8
Stealth        | |  0.8
Spellcasting   | |  2.0
Translocations | |  2.9

Action                     |  1- 3 |  4- 6 || total
---------------------------+-------+-------++-------
  Melee: Falchion          |    95 |    73 ||   168
         Peck              |    11 |    15 ||    26
         Kick              |    15 |    26 ||    41
         Punch             |     1 |       ||     1
  Throw: Dart              |       |     4 ||     4
  Evoke: Wand              |       |     1 ||     1
    Use: Potion            |       |     5 ||     5
         Scroll            |       |     5 ||     5
   Stab: Paralysed         |       |     3 ||     3
 Armour: Leather armour    |    55 |    33 ||    88
  Dodge: Dodged            |    71 |    35 ||   106

Table legend: (Time is in decaauts)
 A = Elapsed time spent in this place.
 B = Non-inter-level travel time spent in this place.
 C = Inter-level travel time spent in this place.
 D = Time resting spent in this place.
 E = Time spent auto-exploring this place.
 F = Levels seen in this place.
 G = Mean time per level.
                   A        B        C        D        E       F      G
               +--------+--------+--------+--------+--------+-----+--------+
         Total |   2312 |   2273 |     39 |    203 |   1584 |   5 |  462.4 |
       Dungeon |   2312 |   2273 |     39 |    203 |   1584 |   5 |  462.4 |
               +--------+--------+--------+--------+--------+-----+--------+

Top non-repeatable levels by time:
     D:2: 872 daAuts
     D:1: 670 daAuts
     D:3: 569 daAuts
     D:5: 174 daAuts
     D:6: 24 daAuts
